 Dungeon Crawl Stone Soup version 0.31-b1-22-gc680215f68 (webtiles) character file.

Game seed: 16815659891373517443

5165 Djon the Severer (level 10, 0/86 HPs)
             Began as a Hill Orc Fighter on Jan 18, 2024.
             Slain by an unseen horror (9 damage)
             ... on level 8 of the Dungeon.
             The game lasted 00:14:59 (8732 turns).

Djon the Severer (Hill Orc Fighter)                 Turns: 8732, Time: 00:14:59

Health: 0/86       AC: 14    Str: 20    XL:     10   Next: 59%
Magic:  10/10      EV: 14    Int: 12    God:
Gold:   656        SH:  4    Dex: 10    Spells: 9/9 levels left

rFire   . . .        G - +2 war axe (flame)
rCold   . . .        c - +0 buckler
rNeg    . . .        n - +0 chain mail
rPois   .            j - +0 helmet
rElec   .            o - +0 cloak
rCorr   +            b - +0 pair of gloves
SInv    .            (no boots)
Will    .....        (no amulet) Stlth
                     m - ring of resist corrosion
HPRegen 0.34/turn    F - +5 ring of evasion
MPRegen 0.12/turn

%: no passive effects
@: no status effects
A: no striking features
a: no special abilities


You were on level 8 of the Dungeon.
You visited 1 branch of the dungeon, and saw 8 of its levels.
You also visited: Bailey.

You collected 870 gold pieces.
You spent 214 gold pieces at shops.

Inventory:

Hand Weapons
 x - a +0 hand axe of electrocution
 G - a +2 war axe of flaming (weapon)
Missiles
 k - 2 curare-tipped darts
 w - 3 throwing nets (quivered)
Armour
 b - a +0 pair of gloves (worn)
 c - a +0 buckler (worn)
 j - a +0 helmet (worn)
 n - a +0 chain mail (worn)
 o - a +0 cloak (worn)
 H - +0 acid dragon scales
Jewellery
 h - a ring of fire
 m - a ring of resist corrosion (left hand)
 F - a +5 ring of evasion (right hand)
Wands
 t - a wand of charming (14)
 B - a wand of polymorph (12)
 C - a wand of flame (23)
 D - a wand of mindburst (16)
Scrolls
 e - 3 scrolls of enchant weapon
 g - a scroll of vulnerability
 l - 2 scrolls of revelation
 r - a scroll of fog
 v - 8 scrolls of teleportation
 y - 3 scrolls of blinking
 A - 4 scrolls of amnesia
Potions
 d - 3 potions of might
 i - a potion of berserk rage
 p - 2 potions of brilliance
 q - 2 potions of resistance
 s - 2 potions of mutation
 u - a potion of haste
 z - 3 potions of heal wounds {unknown}
 E - a potion of enlightenment {unknown}
 I - 2 potions of invisibility
 J - a potion of curing
Miscellaneous
 f - a phantom mirror


   Skills:
 + Level 7.1 Fighting
 - Level 16.0 Axes
 + Level 6.4 Armour
 + Level 4.0 Dodging
 - Level 4.0 Shields


You had 9 spell levels left.
You didn't know any spells.
Your spell library contained the following spells:

 Spells                   Type           Power      Damage    Failure   Level
 Freeze                   Ice            0%         1d3       95%         1
 Sting                    Conj/Alch      0%         1d3       95%         1
 Mercury Vapours          Alch/Air       0%         N/A       99%         2
 Sublimation of Blood     Necr           0%         N/A       99%         2
 Frozen Ramparts          Ice            0%         1d1       100%        3
 Hailstorm                Conj/Ice       0%         3d5       100%        3
 Tukima's Dance           Hex            0%         N/A       100%        3
 Dimensional Bullseye     Hex/Tloc       0%         N/A       100%        4
 Iskenderun's Mystic Bla  Conj/Tloc      0%         2d3       100%        4
 Manifold Assault         Tloc           0%         N/A       100%        4
 Olgreb's Toxic Radiance  Alch           0%         N/A       100%        4
 Petrify                  Alch/Erth      0%         N/A       100%        4
 Irradiate                Conj/Alch      0%         3d11      100%        5
 Dispersal                Tloc           0%         N/A       100%        6
 Disjunction              Tloc           0%         N/A       100%        8


Dungeon Overview and Level Annotations

Branches:
Dungeon (8/15)             Temple (0/1) D:7          Bailey (visited)
   Lair: D:8-11

Altars:
Elyvilon
Gozag
Hepliaklqana
Makhleb

Shops:
D:5 ?   D:7 (


Message History

Something hits you but does no damage. x2
You closely miss something. Something hits you.
You hit something. You block something's attack. Something hits you.
Something hits you but does no damage.
You hit something. Something hits you! Something hits you but does no damage.
You hit something. Something hits you but does no damage.
Something barely misses you.
You closely miss something.
Something hits you but does no damage. x2
You miss something. Something hits you.
You miss something. Something barely misses you. x2
You slash something! Something hits you.
You closely miss something. Something hits you!
* * * LOW HITPOINT WARNING * * *
Something hits you.
* * * LOW HITPOINT WARNING * * *
Something hits you but does no damage. Something hits you.
* * * LOW HITPOINT WARNING * * *
Something hits you but does no damage. Something hits you but does no damage.
You start resting.
Something hits you but does no damage.
You hit something but do no damage. Something hits you!
* * * LOW HITPOINT WARNING * * *
You barely miss something. Something barely misses you.
Something hits you but does no damage.
Your +0 hand axe of electrocution stops crackling.
Your +2 war axe of flaming bursts into flame!
G - a +2 war axe of flaming (weapon)
You block something's attack.
Okay, then.
Throw: 4 throwing nets
Press: ? - help, Q - select action, (/) - cycle Shift-Dir - straight line You throw a throwing net.
Something gets caught in the net!
Something wriggles in the net. x2; All of a sudden the net rips apart!
You block something's attack.
You hit something. You burn something. Something hits you but does no damage.
Something hits you!
You die...

############### ##### #..
..............## ....#
#.##########.......# ....#
#.##.......'.......## ....#
#.##.#######......... .#..#
#.##.#........#)#+#.# #..#
#######.##.#.######.#......
$#..###.......##@#......<.....#..
..>......))......############.#..
##.......)###############.....#..
##.............................)
#.....##.....#########........)
#.....##.....## ###.####.##.
#.....##......######......#..#.
#.....##........##≈≈≈≈≈≈≈.##.#.
#.....##.(...##..##..~.~####.#.


There were no monsters in sight!

Vanquished Creatures
  Pikel (D:4)
  An orc knight (Bailey)
  Maggie (D:7)
  Grinder (D:6)
  Eustachio (D:5)
  A water moccasin (D:4)
  3 black bears (D:5)
  A sky beast (D:8)
  2 orc warriors (Bailey)
  2 ice beasts (D:5)
  2 ogres
  4 centaurs
  2 lemures (D:4)
  6 kobold brigands (Bailey)
  Blork the orc (D:6)
  4 gnoll sergeants
  3 bullfrogs
  4 scorpions
  3 wights (D:8)
  5 killer bees (D:7)
  A howler monkey (D:8)
  4 hounds
  2 jellies
  A sleepcap (D:5)
  Ijyb (D:5)
  5 iguanas
  2 orc wizards (D:8)
  16 gnolls
  8 adders
  A shadow imp (D:5)
  A white imp (D:8)
  2 dart slugs
  2 ribbon worms (D:2)
  21 orcs
  6 ball pythons
  5 endoplasms
  8 giant cockroaches
  9 goblins
  4 hobgoblins
  7 jackals (D:2)
  8 quokkas
  6 bats
  A frilled lizard (D:1)
  19 kobolds
  6 rats
194 creatures vanquished.

Vanquished Creatures (collateral kills)
  An orc warrior (Bailey)
1 creature vanquished.

Grand Total: 195 creatures vanquished

Notes
Turn   | Place    | Note
-------+----------+-------------------------------------------
     0 | D:1      | Djon the Hill Orc Fighter began the quest for the Orb.
     0 | D:1      | Reached XP level 1. HP: 19/19 MP: 1/1
    49 | D:1      | Reached skill level 3 in Axes
   119 | D:1      | You fall into a shaft and drop 1 floor!
   122 | D:2      | Reached XP level 2. HP: 26/26 MP: 2/2
   258 | D:1      | Reached skill level 4 in Axes
   877 | D:2      | Reached XP level 3. HP: 30/31 MP: 3/3
   896 | D:2      | Found an opulent altar of Gozag.
   924 | D:2      | Reached skill level 5 in Axes
  1081 | D:2      | Identified the +2 falchion of the Vaults {protect, rC- rN+
                  | Str+3 Dex+4}
  1363 | D:2      | Reached XP level 4. HP: 35/39 MP: 4/4
  1666 | D:3      | Reached skill level 6 in Axes
  2205 | D:4      | Noticed a scorpion
  2217 | D:4      | Killed a scorpion
  2218 | D:4      | Reached skill level 7 in Axes
  2218 | D:4      | Reached XP level 5. HP: 26/45 MP: 5/5
  2432 | D:4      | Reached skill level 8 in Axes
  2432 | D:4      | Reached XP level 6. HP: 23/51 MP: 6/6
  2756 | D:4      | Reached skill level 9 in Axes
  2980 | D:5      | Entered Level 5 of the Dungeon
  3008 | D:5      | Noticed Pikel
  3009 | D:5      | Noticed a water moccasin
  3023 | D:4      | Killed a water moccasin
  3024 | D:4      | Reached XP level 7. HP: 52/57 MP: 7/7
  3054 | D:4      | Killed Pikel
  3055 | D:4      | Reached skill level 11 in Axes
  3055 | D:4      | Reached XP level 8. HP: 31/64 MP: 8/8
  3360 | D:5      | Found a burning altar of Makhleb.
  3376 | D:5      | Reached skill level 12 in Axes
  3435 | D:5      | Noticed Eustachio
  3464 | D:5      | Killed Eustachio
  3483 | D:5      | Found a white marble altar of Elyvilon.
  3608 | D:5      | Reached skill level 13 in Axes
  3620 | D:5      | Found a hazy altar of Hepliaklqana.
  3814 | D:5      | Found Ufil Rio's Magic Scroll Shoppe.
  3823 | D:5      | Bought a scroll of teleportation for 33 gold pieces
  3823 | D:5      | Bought a scroll of teleportation for 33 gold pieces
  3823 | D:5      | Bought a scroll of identify for 22 gold pieces
  3823 | D:5      | Bought 2 scrolls of identify for 44 gold pieces
  3823 | D:5      | Bought a scroll of enchant weapon for 82 gold pieces
  3875 | D:5      | Noticed Ijyb
  3887 | D:5      | Killed Ijyb
  4151 | D:5      | Reached skill level 14 in Axes
  4306 | D:5      | Reached XP level 9. HP: 70/70 MP: 9/9
  4825 | D:6      | Noticed Grinder
  4845 | D:6      | Killed Grinder
  4846 | D:6      | Reached skill level 15 in Axes
  5190 | D:6      | Noticed Blork the orc
  5199 | D:6      | Killed Blork the orc
  5368 | D:6      | Reached skill level 16 in Axes
  6241 | D:7      | Found a staircase to the Ecumenical Temple.
  6292 | D:7      | Reached skill level 1 in Dodging
  6507 | D:7      | Noticed Maggie
  6522 | D:7      | Killed Maggie
  6523 | D:7      | Reached skill level 5 in Fighting
  6572 | D:7      | Found Caffo's Weapon Boutique.
  6651 | D:7      | Found a flagged portal.
  6668 | Bailey   | Entered a bailey
  6711 | Bailey   | Reached XP level 10. HP: 68/81 MP: 10/10
  6747 | Bailey   | Reached skill level 5 in Armour
  6925 | Bailey   | Noticed an orc knight
  7090 | Bailey   | Killed an orc knight
  7248 | Bailey   | Found a bloodstained altar of Trog.
  8732 | D:8      | Slain by an unseen horror

Illustrated notes

Levels and vault maps discovered:
D:1:      wander_arrival_chamber, layout_basic, hangedman_decor_clover_reticule,
          chequers_serial_rivers_micro_b
D:2:      layout_loops_ring, basic_altar, kennysheep_cluttered_room,
          corexii_hall_statues_u, kennysheep_small_spiral, nicolae_wormholes
D:3:      layout_rooms, columned_hall_lemuel, roderic_roman_lattice,
          kennysheep_pointless_box, st_stairs_14,
          nicolae_concentric_dashed_squares_wild
D:4:      layout_rooms, grunt_ministairs_13, minmay_joined_circles
D:5:      layout_layer_cave, marbit_many_paths, serial_shops, shop,
          grunt_ministairs_12, hangedman_glass_teeth,
          chequers_serial_rivers_room_a, hangedman_feature_mirror, uniq_pikel,
          uniq_ijyb, uniq_eustachio
D:6:      layout_layer_cave, nicolae_letterblocks [nicolae_letter_subblock,
          nicolae_letter_subblock, nicolae_letter_subblock,
          nicolae_letter_subblock, nicolae_letter_subblock,
          nicolae_letter_subblock, nicolae_letter_subblock,
          nicolae_letter_subblock, nicolae_letter_subblock,
          nicolae_letter_subblock, nicolae_letter_subblock,
          nicolae_letter_subblock, nicolae_letter_subblock,
          nicolae_letter_subblock, nicolae_letter_subblock,
          nicolae_letter_subblock, nicolae_letter_subblock,
          nicolae_letter_subblock, nicolae_letter_subblock,
          nicolae_letter_subblock, nicolae_letter_subblock,
          nicolae_letter_subblock, nicolae_letter_subblock,
          nicolae_letter_subblock, nicolae_letter_subblock], uniq_blork_the_orc,
          uniq_grinder
D:7:      layout_layer_cave, minmay_temple_entry_fiery, enter_bailey_2,
          serial_shops, nicolae_shop_bloodbath_and_beyond, uniq_maggie
D:8:      layout_basic, serial_rivers, chequers_serial_rivers_micro_c,
          chequers_serial_rivers_micro_e, chequers_serial_rivers_micro_a,
          chequers_serial_rivers_small_a, chequers_serial_rivers_micro_b,
          chequers_serial_rivers_micro_e, nicolae_sextant

Skill      XL: |  1  2  3  4  5  6  7  8  9 10 |
---------------+-------------------------------+-----
Axes           | 3 4 5 7 8 9 11 14 16 | 16.0
Fighting       | 5 7 |  7.1
Dodging        | 2 4 |  4.0
Armour         | 4 6 |  6.4
Shields        | 4 |  4.0

Action                     |  1- 3 |  4- 6 |  7- 9 | 10-12 || total
---------------------------+-------+-------+-------+-------++-------
  Melee: War axe           |   109 |    69 |       |     1 ||   179
         Hand axe          |       |    68 |   245 |   154 ||   467
  Throw: Throwing net      |       |       |       |     1 ||     1
  Evoke: Wand              |       |       |       |     9 ||     9
    Use: Scroll            |       |       |    12 |     5 ||    17
         Potion            |       |       |     2 |     3 ||     5
   Stab: Invisible         |       |       |    10 |       ||    10
 Armour: Scale mail        |    54 |       |       |       ||    54
         Chain mail        |    34 |   109 |   179 |   119 ||   441
  Dodge: Dodged            |    48 |    46 |    85 |    70 ||   249
  Block: Buckler           |    26 |    37 |    53 |    18 ||   134
